 Dungeon Crawl Stone Soup version 0.19.1 (webtiles) character file.

2100 aspy the Spear-Bearer (level 9, -4/74 HPs)
             Began as a Hill Orc Air Elementalist on Dec 18, 2016.
             Was a Believer of Makhleb.
             Slain by an orc warrior
             ... wielding a +0 hand axe
              (9 damage)
             ... on level 8 of the Dungeon.
             The game lasted 01:03:22 (10728 turns).

aspy the Spear-Bearer (Hill Orc Air Elementalist)  Turns: 10728, Time: 01:03:22

Health: -4/74      AC: 12    Str: 12    XL:     9   Next: 28%
Magic:  11/11      EV:  6    Int: 15    God:    Makhleb [**....]
Gold:   377        SH:  0    Dex: 13    Spells: 2 memorised, 8 levels left

rFire  . . .     SeeInvis .     a - +1 halberd
rCold  . . .     Gourm    .     A - +0 chain mail
rNeg   . . .     Faith    .     (shield currently unavailable)
rPois  .         Spirit   .     D - +0 helmet
rElec  .         Reflect  .     (no cloak)
rCorr  .         Harm     .     y - +0 pair of gloves
MR     .....                    (no boots)
Stlth  ..........               (no amulet)
                                (no ring)
                                n - ring of stealth

@: no status effects
A: no striking features
a: Minor Destruction, Renounce Religion


You were on level 8 of the Dungeon.
You worshipped Makhleb.
Makhleb was pleased with you.
You were not hungry.

You visited 2 branches of the dungeon, and saw 9 of its levels.

You collected 377 gold pieces.

Inventory:

Hand Weapons
 a - a +1 halberd (weapon)
 b - a +0 blowgun
Missiles
 i - 4 javelins (quivered)
 q - 43 poisoned needles
 H - 4 poisoned tomahawks
Armour
 y - a +0 pair of gloves (worn)
 A - a +0 chain mail (worn)
 D - a +0 helmet (worn)
Jewellery
 n - a ring of stealth (left hand)
Wands
 d - a wand of lightning (5/15)
 v - a wand of slowing (25/48)
Scrolls
 c - a scroll of immolation {unknown}
 e - 2 scrolls of noise
 f - 3 scrolls of amnesia
 h - a scroll of enchant weapon
 j - 4 scrolls of remove curse
 p - a scroll of magic mapping
 s - 2 scrolls of fog
 w - a scroll of fear {unknown}
 x - a scroll of random uselessness {unknown}
 z - a scroll of recharging {unknown}
 E - a scroll of enchant armour {unknown}
 F - a scroll of teleportation
Potions
 g - 4 potions of heal wounds
 k - a potion of ambrosia
 l - 5 potions of brilliance
 m - 2 potions of curing
 o - a potion of cancellation
 r - 2 potions of magic
 t - a potion of mutation {unknown}
 B - a potion of might {unknown}
 C - a potion of flight {unknown}
Books
 u - a book of Air

   Spells                             Type                      Level
   a - Shock                          Conjuration/Air              1
   b - Swiftness                      Charms/Air                   2
   c - Repel Missiles                 Charms/Air                   2
   d - Static Discharge               Conjuration/Air              3
   e - Lightning Bolt                 Conjuration/Air              5


   Skills:
 - Level 5.2 Fighting
   Level 3.5 Short Blades
 * Level 9.2 Polearms
   Level 1.0 Slings
 + Level 4.5 Armour
 - Level 2.2 Dodging
 - Level 1.5 Stealth
 - Level 1.9 Spellcasting
 - Level 2.3 Conjurations
 - Level 2.4 Air Magic
 - Level 0.6 Invocations


You had 8 spell levels left.
You knew the following spells:

 Your Spells              Type           Power        Failure   Level  Hunger
s - Swiftness             Chrm/Air       #.......     100%        2    ###....
z - Shock                 Conj/Air       #...         100%        1    ##.....


Dungeon Overview and Level Annotations

Branches:
Dungeon (8/15)             Temple (1/1) D:6
   Lair: D:8-11

Altars:
Ashenzari
Cheibriados
Dithmenos
Elyvilon
Fedhas
Gozag
Hepliaklqana
Kikubaaqudgha
Makhleb
Nemelex Xobeh
Okawaru
Qazlal
Ru
Sif Muna
Trog
Uskayaw
Vehumet
Xom
Yredelemnul
The Shining One

Annotations:
D:4 exclusion: phantom


Message History

You hit the orc warrior but do no damage.
The orc warrior is almost dead.
The orc warrior hits you with a hand axe!
* * * LOW HITPOINT WARNING * * *
You hit the orc warrior but do no damage.
The orc warrior is almost dead.
The orc warrior hits you with a hand axe!
* * * LOW HITPOINT WARNING * * *
You are too injured to fight recklessly!
You hit the orc warrior but do no damage.
The orc warrior is almost dead.
The orc warrior completely misses you.
You completely miss the orc warrior.
The orc warrior is almost dead.
The orc warrior hits you with a hand axe!
* * * LOW HITPOINT WARNING * * *
You hit the orc warrior but do no damage.
The orc warrior is almost dead.
The orc warrior hits you with a hand axe!
You die...

##########....#
#......<.#....#
#........#....##
........o......####
.........#..(..().##
.........#(...##...#
#........#.(..###..##
...........o)...#...#
.##........@....##..#
..#...........##..#
.....[....)(..##..#
...........(.##..#####
.............?.........
.##..........###..#####
............)# ...#
##.............##...
.............o......


You could see an orc warrior.

Vanquished Creatures
  A hippogriff (D:8)
  A hungry ghost (D:6)
  An ice beast (D:8)
  A necrophage (D:6)
  4 ogres
  2 bullfrogs
  A scorpion (D:5)
  2 howler monkeys (D:7)
  8 crimson imps
  2 jellies (D:5)
  A hound (D:7)
  An orc priest (D:5)
  5 orc wizards
  Jessica (D:2)
  6 worker ants
  2 hound skeletons (D:6)
  A worker ant zombie (D:7)
  3 gnolls (D:3)
  11 adders
  A shadow imp (D:8)
  An adder zombie (D:5)
  3 worms
  A dart slug (D:2)
  5 leopard geckos
  27 orcs
  7 giant cockroaches
  9 goblins
  3 hobgoblins
  5 quokkas
  6 bats
  6 frilled lizards
  2 jackal skeletons
  13 kobolds
  A leopard gecko skeleton (D:3)
  A quokka skeleton (D:7)
  13 rats
158 creatures vanquished.

Notes
Turn   | Place    | Note
-------+----------+-------------------------------------------
     0 | D:1      | aspy the Hill Orc Air Elementalist began the quest for the Orb.
     0 | D:1      | Reached XP level 1. HP: 14/14 MP: 3/3
   677 | D:1      | Reached XP level 2. HP: 17/20 MP: 1/4
   776 | D:1      | Learned a level 2 spell: Swiftness
  1282 | D:2      | Reached XP level 3. HP: 25/26 MP: 3/5
  1622 | D:2      | Reached skill level 1 in Short Blades
  1635 | D:2      | Noticed Jessica
  1720 | D:2      | Killed Jessica
  1720 | D:2      | Reached skill level 1 in Fighting
  1720 | D:2      | Reached XP level 4. HP: 22/35 MP: 3/6
  2198 | D:2      | Reached skill level 1 in Slings
  2668 | D:2      | Reached XP level 5. HP: 31/42 MP: 3/7
  3027 | D:3      | Noticed a phantom
  3815 | D:3      | Noticed an ogre
  3823 | D:3      | Killed an ogre
  3823 | D:3      | Reached XP level 6. HP: 51/51 MP: 2/8
  4626 | D:4      | Found a glowing golden altar of the Shining One.
  4649 | D:4      | Reached skill level 1 in Polearms
  5093 | D:4      | Found a white marble altar of Elyvilon.
  5174 | D:4      | Noticed a phantom
  5307 | D:4      | Found a shimmering altar of Xom.
  5639 | D:4      | Reached skill level 2 in Polearms
  5639 | D:4      | Reached XP level 7. HP: 25/59 MP: 3/9
  5907 | D:4      | Reached skill level 3 in Polearms
  6097 | D:4      | You fall through a shaft for 3 floors!
  6265 | D:7      | Noticed a hungry ghost
  6395 | D:6      | Found a staircase to the Ecumenical Temple.
  6424 | Temple   | Entered the Ecumenical Temple
  6728 | Temple   | Became a worshipper of Makhleb the Destroyer
  6749 | D:6      | Reached skill level 4 in Polearms
  6825 | D:5      | Entered Level 5 of the Dungeon
  7516 | D:5      | Reached skill level 5 in Polearms
  7717 | D:5      | Found a shadowy altar of Dithmenos.
  7783 | D:5      | Reached skill level 5 in Fighting
  7806 | D:5      | Reached XP level 8. HP: 52/68 MP: 10/10
  8435 | D:6      | Reached skill level 6 in Polearms
  8435 | D:6      | Reached skill level 1 in Armour
  8475 | D:6      | Found an opulent altar of Gozag.
  8508 | D:6      | Found an ancient bone altar of Kikubaaqudgha.
  8508 | D:6      | Found a blossoming altar of Fedhas.
  8532 | D:6      | Reached * piety under Makhleb
  9383 | D:7      | Found a sparkling altar of Nemelex Xobeh.
  9448 | D:7      | Reached skill level 7 in Polearms
  9759 | D:6      | Paralysed by fainting for 6 turns
  9874 | D:7      | Found a deep blue altar of Sif Muna.
 10101 | D:7      | Reached skill level 8 in Polearms
 10192 | D:7      | Reached XP level 9. HP: 53/74 MP: 11/11
 10357 | D:8      | Reached skill level 9 in Polearms
 10716 | D:8      | Reached ** piety under Makhleb
 10728 | D:8      | Slain by an orc warrior

Skill      XL: |  1  2  3  4  5  6  7  8  9 |
---------------+----------------------------+-----
Conjurations   | 2 |  2.3
Short Blades   | 2 3 |  3.5
Fighting       | 1 2 3 4 5 |  5.2
Slings         | 1 |  1.0
Dodging        | 2 |  2.2
Polearms       | 2 5 8 9 |  9.2
Armour         | 3 4 |  4.5
Stealth        | |  1.5
Spellcasting   | |  1.9
Air Magic      | |  2.4
Invocations    | |  0.6

Action                   |  1- 3 |  4- 6 |  7- 9 || total
-------------------------+-------+-------+-------++-------
Melee: Dagger            |    18 |       |       ||    18
       Short sword       |    64 |    72 |       ||   136
       Unarmed           |     1 |       |       ||     1
       Halberd           |       |    52 |   370 ||   422
 Fire: Hunting sling     |     9 |    17 |       ||    26
       Blowgun           |       |       |     9 ||     9
Throw: Stone             |       |     1 |       ||     1
       Javelin           |       |       |     7 ||     7
       Tomahawk          |       |       |     1 ||     1
 Cast: Shock             |    18 |    71 |    35 ||   124
  Use: Scroll            |       |     9 |     6 ||    15
       Potion            |       |     1 |     4 ||     5
 Stab: Sleeping          |     2 |     5 |     3 ||    10
  Eat: Chunk             |     3 |     7 |    12 ||    22
       Bread ration      |       |     1 |     4 ||     5
       Beef jerky        |       |     1 |     1 ||     2
       Meat ration       |       |     1 |     2 ||     3
       Royal jelly       |       |       |     2 ||     2
       Pizza             |       |       |     1 ||     1
Armor: Robe              |    14 |    11 |       ||    25
       Leather armour    |       |    16 |    23 ||    39
       Chain mail        |       |       |   217 ||   217
Dodge: Dodged            |    55 |   117 |   132 ||   304
